 Dungeon Crawl Stone Soup version 0.17.0-28-g6e173f8 (webtiles) character file.

18035 armedan the Protected (level 12, -2/108 HPs)
             Began as a Minotaur Fighter on Nov 24, 2015.
             Was a Believer of Ashenzari.
             Slain by a 16-headed hydra (7 damage)
             ... on level 1 of the Lair of Beasts.
             The game lasted 00:44:19 (15587 turns).

armedan the Protected (Minotaur Fighter)           Turns: 15587, Time: 00:44:19

Health: -2/108     AC: 18    Str: 21    XL:     12   Next: 24%
Magic:  12/12      EV:  4    Int:  5    God:    Ashenzari [**....]
Gold:   458        SH: 13    Dex: 15    Spells: 0 memorised, 11 levels left

rFire  + + .     SeeInvis .     p - +1 long sword
rCold  + . .     Clarity  .     L - +0 plate armour
rNeg   . . .     SustAt   .     c - +0 shield
rPois  .         Gourm    .     (helmet restricted)
rElec  .         Spirit   .     (no cloak)
rCorr  .         Warding  .     B - +0 pair of gloves
rMut   .         Stasis   .     d - +0 pair of boots
MR     .....                    (no amulet)
Stlth  ..........               M - ring of protection from fire
                                D - ring of protection from fire

@: flying, not resistant to hostile enchantments, extremely unstealthy
A: retaliatory headbutt, horns 2, cold resistance 1, high mp 1, sense
surroundings 1, spit poison 2
a: Spit Poison, Scrying, Renounce Religion


You were on level 1 of the Lair of Beasts.
You worshipped Ashenzari.
Ashenzari was pleased with you.
You were not hungry.

You visited 3 branches of the dungeon, and saw 13 of its levels.
You also visited: Sewer.

You collected 673 gold pieces.
You spent 215 gold pieces at shops.

Inventory:

Hand Weapons
 j - the +15 heavy crossbow "Sniper" {velocity, SInv}
   (You found it on level 4 of the Dungeon)

   Any bolt fired from it inflicts extra damage.
   It lets you see invisible.
 p - a +1 long sword (weapon)
Armour
 c - a +0 shield (worn)
 d - a +0 pair of boots (worn)
 B - a +0 pair of gloves (worn)
 L - a +0 plate armour (worn)
Jewellery
 x - an uncursed ring of teleportation
 D - a ring of protection from fire (left hand)
 M - a ring of protection from fire (right hand)
Wands
 a - a wand of confusion (23)
 b - a wand of fireball (5)
 k - a wand of paralysis (16)
 C - a wand of digging (18)
 E - a wand of frost (21)
 H - a wand of slowing (17)
Scrolls
 f - 8 scrolls of identify
 g - 3 scrolls of fog
 h - 3 scrolls of remove curse
 i - 2 scrolls of amnesia
 l - 2 scrolls of enchant weapon
 n - 2 scrolls of noise
 o - 3 scrolls of magic mapping
 s - a scroll of blinking
 u - 2 scrolls of recharging
 v - 6 scrolls of teleportation
 y - a scroll of random uselessness
Potions
 e - a potion of berserk rage {unknown}
 m - a potion of flight
 q - a potion of resistance
 r - a potion of brilliance
 t - a potion of haste
 w - 2 potions of magic
Books
 A - a book of Conjurations

   Spells                             Type                      Level
   a - Magic Dart                     Conjuration                  1
   b - Searing Ray                    Conjuration                  2
   c - Dazzling Spray                 Conjuration/Hexes            3
   d - Fulminant Prism                Conjuration/Hexes            4
   e - Iskenderun's Mystic Blast      Conjuration                  4
   f - Iskenderun's Battlesphere      Conjuration/Charms           5
 G - a book of Transfigurations

   Spells                             Type                      Level
   a - Stoneskin                      Transmutation/Earth          2
   b - Irradiate                      Conjuration/Transmutation    5
   c - Statue Form                    Transmutation/Earth          6
   d - Hydra Form                     Transmutation                6
   e - Dragon Form                    Transmutation                7
Comestibles
 z - 3 meat rations
 F - a bread ration
 I - 5 fruits
 J - 5 royal jellies
 K - 6 beef jerkies


   Skills:
 + Level 10.9 Fighting
 + Level 11.7 Long Blades
 + Level 12.4 Armour
 + Level 6.2 Dodging
 + Level 1.6 Stealth
 + Level 12.3 Shields


You had 11 spell levels left.
You didn't know any spells.

Dungeon Overview and Level Annotations

Branches:
Dungeon (11/15)            Temple (1/1) D:5            Lair (1/8) D:9
    Orc (0/4) D:11

Altars:
Ashenzari
Cheibriados
Dithmenos
Elyvilon
Fedhas
Gozag
Kikubaaqudgha
Makhleb
Nemelex Xobeh
Okawaru
Qazlal
Sif Muna
Trog
Vehumet
Xom
Yredelemnul
Zin
The Shining One

Shops:
D:4 [**   D:6 }   D:10 %


Innate Abilities, Weirdness & Mutations

You reflexively headbutt those who attack you in melee.
You have a pair of horns on your head.
Your flesh is cold resistant.
You have an increased reservoir of magic (+10% MP).
You passively map a small area around you.
You can spit poison.


Message History

* * * LOW HITPOINT WARNING * * *
The 16-headed hydra closely misses you. You block the 16-headed hydra's attack.
The 16-headed hydra bites you but does no damage. x2
There is a staircase back to the Dungeon, spattered with blood here.
The 16-headed hydra bites you but does no damage.
The 16-headed hydra barely misses you.
The 16-headed hydra bites you but does no damage.
The 16-headed hydra barely misses you. You block the 16-headed hydra's attack.
The 16-headed hydra bites you.
* * * LOW HITPOINT WARNING * * *
You block the 16-headed hydra's attack.
The 16-headed hydra bites you but does no damage. x2
The 16-headed hydra bites you.
* * * LOW HITPOINT WARNING * * *
You block the 16-headed hydra's attack.
The 16-headed hydra bites you but does no damage. x2
The 16-headed hydra bites you!
* * * LOW HITPOINT WARNING * * *
The 16-headed hydra bites you!
You die...

...................,........ ,
............(...... ...... ,, ,
.............##P..#,*P.... ,
..######....## ####* ....#* *
#'######.[..# ##.###*#...#, ,
+.....##....# #....# #...#, ,
P.....##....###....# #FY.#
#.....#.......'....# #YY.+ ,..
#......#.....#.D@..###...#,...
#.....++....#####.###....#....
#.######....## ### ##........
.######......#########...##.##
,
..............................,
..............................
..............................
,
.........................)....
,
#####.####.....#.##.#.........


You could see a 16-headed hydra.

Vanquished Creatures
  Erica (D:8)
  The ghost of tinybubbles the Martial Artist, a novice DsGl of Xom (D:8)
  4 skeletal warriors
  3 hill giants
  An ugly thing (D:11)
  A black mamba (Lair:1)
  A gargoyle (D:11)
  A komodo dragon (Lair:1)
  3 trolls
  Grinder (D:3)
  16 yaks
  A shadow (D:11)
  A hippogriff (D:8)
  4 hungry ghosts
  Grum (D:8)
  A mottled dragon (D:11)
  2 wolves (D:8)
  3 water moccasins
  2 porcupines (Lair:1)
  2 wargs (D:9)
  2 soldier ants (D:9)
  5 orc warriors
  2 spiders (D:9)
  2 necrophages
  2 black bears (D:9)
  An eye of draining (D:11)
  4 centaurs
  2 ice beasts
  2 sky beasts
  A crocodile (D:9)
  3 ogres
  5 phantoms
  2 big kobolds
  8 giant frogs
  5 scorpions
  2 troll zombies (D:11)
  7 killer bees
  4 crimson imps
  A jelly (D:10)
  9 orc priests
  A giant frog zombie (D:6)
  4 giant frog skeletons
  5 hounds
  10 orc wizards
  9 worker ants
  8 iguanas
  4 sheep (Lair:1)
  4 ogre zombies (D:11)
  A hound skeleton (D:5)
  A hound zombie (D:5)
  Robin (D:3)
  19 adders
  12 gnolls
  A worker ant zombie (D:11)
  3 shadow imps
  An adder skeleton (D:9)
  5 worms
  7 giant geckos
  43 orcs
  7 ball pythons
  4 bats
  9 giant cockroaches
  8 hobgoblins
  5 jackals
  11 kobolds
  5 quokkas
  6 giant newts
  10 goblins
  A goblin zombie (D:11)
  A hobgoblin skeleton (D:11)
  4 hobgoblin zombies (D:11)
  3 orc skeletons (D:11)
  10 orc zombies (D:11)
  13 rats
355 creatures vanquished.

Vanquished Creatures (others)
  The ghost of Kneezus the Zephyrmancer, a novice TeAE of Vehumet (D:10)
  A hound (D:10)
  2 fungi (Lair:1)
4 creatures vanquished.

Grand Total: 359 creatures vanquished

Notes
Turn   | Place    | Note
--------------------------------------------------------------
     0 | D:1      | armedan the Minotaur Fighter began the quest for the Orb.
     0 | D:1      | Reached XP level 1. HP: 19/19 MP: 0/0
   306 | D:1      | Reached XP level 2. HP: 27/27 MP: 1/1
   398 | D:1      | Reached skill level 4 in Armour
   934 | D:2      | Reached XP level 3. HP: 33/33 MP: 2/2
  1353 | D:2      | Reached XP level 4. HP: 32/40 MP: 3/3
  1407 | D:2      | Reached skill level 1 in Dodging
  2006 | D:3      | Noticed Grinder
  2008 | D:3      | Paralysed by Grinder for 6 turns
  2017 | D:3      | Paralysed by Grinder for 5 turns
  2026 | D:3      | Killed Grinder
  2026 | D:3      | Reached skill level 5 in Armour
  2026 | D:3      | Reached skill level 5 in Shields
  2026 | D:3      | Reached XP level 5. HP: 36/47 MP: 4/4
  2026 | D:3      | Reached XP level 6. HP: 40/53 MP: 5/5
  2051 | D:3      | Found a shimmering altar of Xom.
  2062 | D:3      | Noticed Robin
  2070 | D:3      | Killed Robin
  2414 | D:3      | Found a glowing drain.
  2510 | Sewer    | Entered a sewer
  2893 | D:3      | Found a glowing silver altar of Zin.
  3034 | D:3      | Reached skill level 6 in Armour
  3049 | D:3      | Found a glowing golden altar of the Shining One.
  3092 | D:3      | Found a deep blue altar of Sif Muna.
  3343 | D:4      | Found a snail-covered altar of Cheibriados.
  3408 | D:4      | Found a white marble altar of Elyvilon.
  3421 | D:4      | Found a sparkling altar of Nemelex Xobeh.
  3472 | D:4      | Found Dashasy's Assorted Antiques.
  3476 | D:4      | Bought a granite ring for 105 gold pieces
  3506 | D:4      | Found Alossof's Armour Emporium.
  3521 | D:4      | Reached XP level 7. HP: 33/60 MP: 6/6
  3776 | D:4      | Reached skill level 5 in Fighting
  3800 | D:4      | Found Qebbonor's General Store.
  3951 | D:5      | Entered Level 5 of the Dungeon
  3991 | D:5      | Reached skill level 5 in Long Blades
  4307 | D:5      | Found a staircase to the Ecumenical Temple.
  4316 | Temple   | Entered the Ecumenical Temple
  4352 | Temple   | Became a worshipper of Ashenzari the Shackled
  4516 | D:5      | Reached skill level 7 in Armour
  4837 | D:5      | Reached XP level 8. HP: 54/68 MP: 7/7
  5676 | D:6      | Found Vaumn's Gadget Boutique.
  5824 | D:6      | Reached skill level 5 in Dodging
  5977 | D:6      | Reached skill level 8 in Armour
  6078 | D:6      | Reached XP level 9. HP: 58/78 MP: 8/8
  6082 | D:6      | Gained mutation: You passively map a small area around you. [mutagenic meat]
  6245 | D:6      | Found a bloodstained altar of Trog.
  6596 | D:7      | Found a sparkling altar of Nemelex Xobeh.
  6816 | D:7      | Gained mutation: Your flesh is cold resistant. [mutagenic meat]
  7001 | D:7      | Reached skill level 9 in Armour
  7340 | D:7      | Reached * piety under Ashenzari
  7487 | D:8      | Noticed Grum
  7497 | D:8      | Reached skill level 1 in Stealth
  7537 | D:8      | Killed Grum
  7611 | D:8      | Noticed tinybubbles's ghost (novice DsGl)
  7626 | D:8      | Reached XP level 10. HP: 79/88 MP: 9/9
  7693 | D:8      | Killed tinybubbles's ghost
  8123 | D:8      | Found a burning altar of Makhleb.
  8124 | D:8      | Found an iron altar of Okawaru.
  8271 | D:8      | Noticed Erica
  8311 | D:8      | Killed Erica
  8311 | D:8      | Reached skill level 10 in Armour
  8533 | D:8      | Reached skill level 10 in Shields
  8948 | D:9      | Found a staircase to the Lair.
  8981 | D:9      | Found a stormy altar of Qazlal.
  9934 | Lair:1   | Entered Level 1 of the Lair of Beasts
 10003 | Lair:1   | Noticed a black mamba
 10024 | Lair:1   | Killed a black mamba
 10024 | Lair:1   | Reached skill level 11 in Armour
 10024 | Lair:1   | Reached XP level 11. HP: 11/97 MP: 10/10
 10389 | D:10     | Entered Level 10 of the Dungeon
 10470 | D:10     | Noticed a hill giant
 10482 | D:10     | Killed a hill giant
 10492 | D:10     | Noticed a hill giant
 10503 | D:10     | Killed a hill giant
 10760 | D:10     | Found Xiemilaa's Food Emporium.
 10766 | D:10     | Bought a meat ration for 55 gold pieces
 10766 | D:10     | Bought a bread ration for 55 gold pieces
 10776 | D:10     | Noticed Kneezus's ghost (novice TeAE)
 10813 | D:10     | Killed Kneezus's ghost
 11373 | D:10     | Reached skill level 10 in Long Blades
 11753 | D:11     | Noticed a hill giant
 11762 | D:11     | Killed a hill giant
 11788 | D:11     | Reached ** piety under Ashenzari
 12271 | D:11     | Gained mutation: You have an increased reservoir of magic (+10% MP). [mutagenic meat]
 12272 | D:11     | Gained mutation: You can spit weak poison. [mutagenic meat]
 12273 | D:11     | Gained mutation: You can spit poison. [mutagenic meat]
 12395 | D:11     | Noticed a skeletal warrior
 12509 | D:9      | Reached skill level 10 in Fighting
 13060 | D:11     | Found a staircase to the Orcish Mines.
 13439 | D:11     | Reached skill level 12 in Armour
 13815 | D:11     | Noticed a skeletal warrior
 13818 | D:11     | Noticed a skeletal warrior
 13909 | D:10     | Killed a skeletal warrior
 13975 | D:11     | Noticed a skeletal warrior
 14035 | D:10     | Killed a skeletal warrior
 14183 | D:11     | Killed a skeletal warrior
 14183 | D:11     | Reached XP level 12. HP: 54/107 MP: 12/12
 14822 | D:9      | Killed a skeletal warrior
 15383 | Lair:1   | Noticed a seven-headed hydra
 15587 | Lair:1   | HP: 5/108 [16-headed hydra (9)]
 15587 | Lair:1   | Slain by a 16-headed hydra

Action                   |  1- 3 |  4- 6 |  7- 9 | 10-12 || total
-------------------------+-------+-------+-------+-------++-------
Melee: Long sword        |    96 |   190 |   467 |   960 ||  1713
Evoke: Wand              |       |       |       |     1 ||     1
  Use: Scroll            |       |     4 |     1 |     9 ||    14
       Potion            |       |       |     7 |    10 ||    17
  Eat: Bread ration      |     1 |       |     2 |     7 ||    10
       Pizza             |       |     1 |       |       ||     1
       Fruit             |       |     3 |       |       ||     3
       Meat ration       |       |       |     1 |     5 ||     6
       Chunk             |       |       |     3 |     3 ||     6
       Royal jelly       |       |       |       |     5 ||     5
